 Dungeon Crawl Stone Soup version 0.22-a0-782-g038298e (webtiles) character file.

2104 Amnesiac the Ducker (level 9, -3/69 HPs)
             Began as a Mummy Earth Elementalist on July 19, 2018.
             Was a Follower of Sif Muna.
             Slain by an orc warrior
             ... wielding a +0 scimitar
              (15 damage)
             ... on level 4 of the Dungeon.
             The game lasted 00:14:09 (8108 turns).

Amnesiac the Ducker (Mummy Earth Elementalist)      Turns: 8108, Time: 00:14:10

Health: -3/69      AC:  5    Str: 11    XL:     9   Next: 7%
Magic:  11/16      EV: 16    Int: 18    God:    Sif Muna [*.....]
Gold:   288        SH:  0    Dex: 12    Spells: 5/17 levels left

rFire    x . .     SeeInvis .   a - +2 hunting sling (velocity)
rCold    + . .     Gourm    .   (no shield)
rNeg     + + +     Faith    .   c - +0 robe
rPois    ∞         Spirit   .   s - +1 helmet
rElec    .         Reflect  .   (no cloak)
rCorr    +         Harm     .   (no gloves)
MR       +....                  h - +0 pair of boots
Stlth    ++........             (no amulet)
HPRegen  0.21/turn              (no ring)
MPRegen  0.15/turn              l - ring of resist corrosion

@: divine energy
A: no food or potions, fire vulnerability, cold resistance 1, negative energy
resistance 3, torment resistance, unbreathing
a: Stop Divine Energy, Renounce Religion


You were on level 4 of the Dungeon.
You worshipped Sif Muna.
Sif Muna was aware of your devotion.
You were not hungry.

You visited 2 branches of the dungeon, and saw 7 of its levels.
You also visited: Sewer.

You collected 288 gold pieces.

Inventory:

Hand Weapons
 a - a +2 hunting sling of velocity (weapon)
 b - a cursed -1 dagger
 n - a +0 blowgun
 o - a +0 short sword of flaming
Missiles
 d - 97 stones
 f - 64 poisoned needles
 g - 9 sling bullets (quivered)
 m - 4 javelins of returning
Armour
 c - a +0 robe (worn)
 h - a +0 pair of boots (worn)
 s - a +1 helmet (worn)
Jewellery
 l - a ring of resist corrosion (right hand)
Wands
 p - a wand of acid (7)
 v - a wand of random effects (20)
Scrolls
 e - a scroll of magic mapping {!r}
 i - a scroll of teleportation {!r}
 j - 4 scrolls of remove curse {!r}
 k - a scroll of identify {!r}
 r - a scroll of fear {!r}
 t - 3 scrolls of fog {!r}
 u - a scroll of blinking {!r}


   Skills:
 - Level 6.0 Fighting
 - Level 7.2 Dodging
 - Level 1.5 Stealth
 + Level 4.6 Spellcasting
 - Level 0.7 Transmutations
 * Level 4.6 Earth Magic


You had 5 spell levels left.
You knew the following spells:

 Your Spells              Type           Power        Failure   Level  Hunger
a - Sandblast             Erth           ###...       1%          1    N/A
b - Passwall              Tmut/Erth      ##......     7%          2    N/A
d - Lee's Rapid Deconstr  Erth           ###.......   50%         5    N/A
e - Petrify               Tmut/Erth      ##......     41%         4    N/A

Your spell library contained the following spells:

 Spells                   Type           Power        Failure   Level  Hunger
 Confuse                  Hex            #.......     38%         3    N/A
 Tukima's Dance           Hex            #.......     38%         3    N/A
 Stone Arrow              Conj/Erth      ##....       16%         3    N/A
 Ensorcelled Hibernation  Hex/Ice        #.....       21%         2    N/A
 Corona                   Hex            #......      14%         1    N/A
 Dazzling Spray           Conj/Hex       #.....       38%         3    N/A

Dungeon Overview and Level Annotations

Branches:
Dungeon (6/15)             Temple (1/1) D:5

Altars:
Ashenzari
Cheibriados
Dithmenos
Fedhas
Gozag
Hepliaklqana
Kikubaaqudgha
Makhleb
Nemelex Xobeh
Okawaru
Qazlal
Ru
Sif Muna
Vehumet
Wu Jian
Xom
Yredelemnul
Zin
The Shining One


Innate Abilities, Weirdness & Mutations

You do not eat or drink.
Your flesh is vulnerable to fire.
You are immune to poison.
Your flesh is cold resistant. (rC+)
You are immune to negative energy. (rN+++)
You are immune to unholy pain and torment.
You can survive without breathing.


Message History

The orc warrior stops moving altogether!
You regain access to your magic.
Firing (i - inventory. (/) - cycle)
g - 15 sling bullets (quivered)
Press: ? - help, Shift-Dir - straight line, f/p - orc warrior
Aim: an orc warrior, wielding a scimitar and wearing a plate armour (petrified)
You shoot a sling bullet. The sling bullet hits the orc warrior.
The orc warrior is lightly wounded.
Firing (i - inventory. (/) - cycle)
g - 14 sling bullets (quivered)
Press: ? - help, Shift-Dir - straight line, f/p - orc warrior
Aim: an orc warrior, wielding a scimitar and wearing a plate armour (lightly wounded, petrified)
You shoot a sling bullet.
The sling bullet hits the orc warrior but does no damage.
The orc warrior is lightly wounded.
Firing (i - inventory. (/) - cycle)
g - 13 sling bullets (quivered)
Press: ? - help, Shift-Dir - straight line, f/p - orc warrior
Aim: an orc warrior, wielding a scimitar and wearing a plate armour (petrified)
You shoot a sling bullet.
The sling bullet hits the orc warrior but does no damage.
Firing (i - inventory. (/) - cycle)
g - 12 sling bullets (quivered)
Press: ? - help, Shift-Dir - straight line, f/p - orc warrior
Aim: an orc warrior, wielding a scimitar and wearing a plate armour (petrified)
You shoot a sling bullet. The sling bullet hits the orc warrior.
Firing (i - inventory. (/) - cycle)
g - 11 sling bullets (quivered)
Press: ? - help, Shift-Dir - straight line, f/p - orc warrior
Aim: an orc warrior, wielding a scimitar and wearing a plate armour (petrified)
You shoot a sling bullet. The sling bullet hits the orc warrior.
Firing (i - inventory. (/) - cycle)
g - 10 sling bullets (quivered)
Press: ? - help, Shift-Dir - straight line, f/p - orc warrior
Aim: an orc warrior, wielding a scimitar and wearing a plate armour (petrified)
You shoot a sling bullet.
The sling bullet hits the orc warrior but does no damage.
Evoke which item? (* to show all) (? for menu, Esc to quit)
Aiming: Random Effects
Press: ? - help, Shift-Dir - straight line, f/p - orc warrior
Aim: an orc warrior, wielding a scimitar and wearing a plate armour (petrified)
The puff of flame hits the orc warrior.
The orc warrior is lightly wounded.
Evoke which item? (* to show all) (? for menu, Esc to quit)
Aiming: Random Effects
Press: ? - help, Shift-Dir - straight line, f/p - orc warrior
Aim: an orc warrior, wielding a scimitar and wearing a plate armour (lightly wounded, petrified)
The orc warrior flickers and vanishes!
Deactivating autopickup; reactivate with Ctrl-A.
There is a stone staircase leading up here.
You start resting.
Something barely misses you. Something hits you!!
* * * LOW HITPOINT WARNING * * *
Your magical contamination has completely faded away.
You climb upwards.
There is a stone staircase leading down here.
You see here a leather armour.
Something barely misses you. Something barely misses you. Something hits you!
* * * LOW HITPOINT WARNING * * *
Something hits you!
* * * LOW HITPOINT WARNING * * *
An orc warrior appears from thin air!
Reactivating autopickup.
Okay, then.
There is a stone staircase leading down here.
The orc warrior hits you with a scimitar!
You die...

#.......# #..#...#..# #.......#
#.........# #.......#
#.........# #.......#
#.........# #.......#
#....†....#
######...################.##...#
).####...............#######...#
....#..................#.......#
....#.....[....o@......#.......#
....#..................#....)..#
#'####.##.####.#####'####......#
..####.##.####.####....##......#
........#.......)#.............#
........#.......[+.............#
........#........#....)........#
........#........#.........<...#
........#........#.............#


You could see an orc warrior.

Vanquished Creatures
  Grinder (Sewer)
  A sky beast (D:5)
  2 ice beasts
  3 phantoms
  3 ogres
  2 centaurs (D:6)
  A big kobold (Sewer)
  2 howler monkeys
  2 centaur zombies
  A crimson imp (D:4)
  A quasit (Sewer)
  4 hounds
  A jelly (D:5)
  3 orc priests
  4 orc wizards
  2 worker ants
  2 big kobold zombies (Sewer)
  A hound zombie (D:5)
  A gnoll (D:2)
  5 adders
  2 river rats (D:4)
  2 shadow imps
  2 ufetubi (Sewer)
  An ooze (D:4)
  An adder zombie (Sewer)
  A worm (D:2)
  A dart slug (D:2)
  4 leopard geckos
  25 orcs
  4 bats
  A bat zombie (Sewer)
  5 giant cockroaches
  5 goblins
  A hobgoblin (D:2)
  6 jackals
  25 kobolds
  4 quokkas
  A ball python (D:3)
  3 leopard gecko skeletons
  10 rats
146 creatures vanquished.

Vanquished Creatures (others)
  A big kobold zombie (Sewer)
  An ooze (Sewer)
2 creatures vanquished.

Grand Total: 148 creatures vanquished

Notes
Turn   | Place    | Note
-------+----------+-------------------------------------------
     0 | D:1      | Amnesiac the Mummy Earth Elementalist began the quest for the Orb.
     0 | D:1      | Reached XP level 1. HP: 13/13 MP: 4/4
   197 | D:1      | You fall through a shaft!
   339 | D:2      | Reached XP level 2. HP: 15/20 MP: 5/5
   351 | D:2      | Learned a level 2 spell: Passwall
   380 | D:2      | Reached skill level 2 in Dodging
   798 | D:1      | Reached skill level 1 in Fighting
  1402 | D:2      | Found a faded altar of an unknown god.
  1441 | D:2      | Reached XP level 3. HP: 26/26 MP: 7/7
  2100 | D:3      | Found a shimmering altar of Xom.
  2448 | D:3      | Reached XP level 4. HP: 33/33 MP: 8/8
  2603 | D:3      | Learned a level 4 spell: Petrify
  2731 | D:3      | Reached skill level 3 in Dodging
  2769 | D:4      | Noticed an ogre
  3119 | D:4      | Found a glowing drain.
  3170 | Sewer    | Entered a sewer
  3219 | Sewer    | Reached XP level 5. HP: 28/39 MP: 9/9
  3695 | Sewer    | Noticed Grinder
  3823 | Sewer    | Reached skill level 4 in Dodging
  3866 | Sewer    | Found a burning altar of Makhleb.
  4135 | Sewer    | Reached XP level 6. HP: 32/47 MP: 10/10
  4252 | Sewer    | Paralysed by Grinder for 5 turns
  4263 | Sewer    | Paralysed by Grinder for 2 turns
  4271 | Sewer    | Paralysed by Grinder for 7 turns
  4284 | Sewer    | Killed Grinder
  4284 | Sewer    | Reached skill level 5 in Dodging
  4284 | Sewer    | Reached XP level 7. HP: 53/53 MP: 11/11
  4738 | D:4      | Found an ancient bone altar of Kikubaaqudgha.
  4877 | D:4      | Reached skill level 6 in Dodging
  5361 | D:4      | Found a radiant altar of Vehumet.
  5419 | D:5      | Entered Level 5 of the Dungeon
  5496 | D:5      | Reached skill level 5 in Fighting
  5574 | D:5      | Reached XP level 8. HP: 60/62 MP: 12/12
  6057 | D:5      | Reached skill level 7 in Dodging
  6121 | D:5      | Found a staircase to the Ecumenical Temple.
  6166 | Temple   | Entered the Ecumenical Temple
  6273 | Temple   | Became a worshipper of Sif Muna the Loreminder
  7104 | D:5      | Learned a level 5 spell: Lee's Rapid Deconstruction
  7655 | D:6      | Reached * piety under Sif Muna
  7669 | D:6      | Reached XP level 9. HP: 63/69 MP: 15/15
  8108 | D:4      | Slain by an orc warrior

Vault maps used:
D:1:      lemuel_arrival_muddy, roderic_lattice_a
D:2:      chequers_ecumenical_altar_lobes
D:3:      lemuel_doored_altar
D:4:      vehumet_crystals, kennysheep_mini, first_ration, portal_sewer_entry_e
D:5:      minmay_temple_entry_trees, serial_bayou_pond_a
D:6:      minivault_26, wad_floor_pattern_1, minmay_misc_feat_hallway
Temple:   regret_index_temple_sphere_string
Sewer:    kennysheep_sewer_church

Skill      XL: |  1  2  3  4  5  6  7  8 |
---------------+-------------------------+-----
Dodging        | 2 3 4 5 6 7 |  7.2
Fighting       | 1 2 3 5 6 |  6.0
Spellcasting   | 4 |  4.6
Earth Magic    | 4 |  4.6
Stealth        | |  1.5
Transmutations | |  0.7

Action                   |  1- 3 |  4- 6 |  7- 9 || total
-------------------------+-------+-------+-------++-------
 Fire: Hunting sling     |   113 |   197 |   383 ||   693
Throw: Javelin           |       |     8 |     5 ||    13
 Cast: Sandblast         |       |    19 |    57 ||    76
       Passwall          |       |     1 |     1 ||     2
       Petrify           |       |       |     6 ||     6
Invok: Divine Energy     |       |       |     1 ||     1
Evoke: Wand              |       |       |     2 ||     2
  Use: Scroll            |     8 |     1 |     4 ||    13
Armor: Robe              |     2 |    41 |    51 ||    94
Dodge: Dodged            |    18 |   152 |   190 ||   360

Table legend:
 A = Spawn XP
 B = Non-spawn XP
 C = Spawn XP percentage of total XP
 D = Spawn monster count
 E = Non-spawn monster count
 F = Spawn count percentage of total count
 G = Total turns spent on level
                    A         B        C        D         E        F      G
               +---------+---------+-------+---------+---------+-------+---------
         Total |       0 |    3007 |   0.0 |       0 |     146 |   0.0 |  8108
               +---------+---------+-------+---------+---------+-------+---------
           D:1 |       0 |      10 |   0.0 |       0 |       6 |   0.0 |   749
           D:2 |       0 |      58 |   0.0 |       0 |      15 |   0.0 |  1233
           D:3 |       0 |      34 |   0.0 |       0 |      16 |   0.0 |   871
           D:4 |       0 |     683 |   0.0 |       0 |      28 |   0.0 |  1539
           D:5 |       0 |     880 |   0.0 |       0 |      31 |   0.0 |  1588
           D:6 |       0 |     790 |   0.0 |       0 |      16 |   0.0 |   627
         Sewer |       0 |     552 |   0.0 |       0 |      34 |   0.0 |  1368
               +---------+---------+-------+---------+---------+-------+---------
